 Dungeon Crawl Stone Soup version 0.27-a0-170-g607d9e9d85 (webtiles) character file.

Game seed: 10025764480649744704

436767 gimp the Severer (level 21, -13/191 HPs)
             Began as a Demigod Wanderer on Jan 28, 2021.
             Killed from afar by a quicksilver dragon (42 damage)
             ... with a bolt of dispelling energy
             ... on level 3 of the Depths.
             The game lasted 02:11:43 (73553 turns).

gimp the Severer (Demigod Wanderer)                Turns: 73553, Time: 02:11:43

Health: -13/191    AC: 17    Str: 31    XL:     21   Next: 95%
Magic:  28/28      EV: 19    Int: 15    God:
Gold:   295        SH: 16    Dex: 25    Spells: 21/23 levels left

rFire    + . .     SeeInvis +   a - +9 broad axe (elec)
rCold    + . .     Faith    .   v - +0 kite shield {reflect}
rNeg     + . .     Spirit   .   F - +1 chain mail {Will+}
rPois    +         Reflect  +   (helmet restricted)
rElec    +         Harm     .   S - +1 cloak {rF+}
rCorr    .         Rampage  .   k - +1 pair of gloves {Dex+3}
Will     ++++.                  V - -4 pair of boots of the Equator {+Blink rElec Dex+2} (curse)
Stlth    ..........             e - macabre finger necklace {rN+}
HPRegen  0.41/turn              q - ring of protection from cold
MPRegen  0.21/turn              x - ring of see invisible
                                W - ring of willpower

@: studying Evocations
A: horns 1, talons 1, agile 2, high mp 1, poison resistance, strong 1, evolution
1
}: 2/15 runes: decaying, serpentine
a: Evoke Blink


You were on level 3 of the Depths.
You visited 8 branches of the dungeon, and saw 40 of its levels.
You visited the Abyss 1 time.
You also visited: Bailey, Ice Cave and Volcano.

You collected 6177 gold pieces.
You spent 5882 gold pieces at shops.

Inventory:

Hand Weapons
 a - a +9 broad axe of electrocution (weapon)
 u - a +5 vorpal broad axe
Missiles
 j - 2 silver javelins
 M - 23 curare-tipped darts (quivered)
 Q - 3 throwing nets
 T - 19 javelins
Armour
 h - a +2 chain mail of fire resistance
 k - a +1 pair of gloves of dexterity (worn)
 v - a +0 kite shield of reflection (worn)
 B - the cursed +0 chain mail of Monotheism {rElec rF- rN+++ Stlth+}
   (You found it on level 3 of the Elven Halls)

   It makes you vulnerable to fire.
   It insulates you from electricity.
   It renders you almost immune to negative energy.
   It makes you more stealthy.
   It has a curse placed upon it.
 F - a +1 chain mail of willpower (worn)
 L - a +0 pair of boots of running
 S - a +1 cloak of fire resistance (worn)
 V - the cursed -4 pair of boots of the Equator (worn) {+Blink rElec Dex+2}
   (You found it on level 5 of the Lair of Beasts)

   It affects your dexterity (+2).
   It insulates you from electricity.
   It lets you blink.
   It has a curse placed upon it.
Jewellery
 e - the macabre finger necklace (around neck) {rN+}
   (You found it on level 3 of the Elven Halls)

   [amulet of nothing]

   It protects you from negative energy.
 m - an uncursed ring of protection from fire
 q - a ring of protection from cold (left hand)
 t - an uncursed ring of resist corrosion
 x - a ring of see invisible (right hand)
 O - an uncursed ring of flight
 W - a ring of willpower (on amulet)
Wands
 o - a wand of iceblast (23)
 H - a wand of digging (18)
 Y - a wand of acid (40)
Scrolls
 b - a scroll of holy word
 d - 24 scrolls of teleportation
 f - 9 scrolls of fear
 l - 3 scrolls of silence
 y - 7 scrolls of magic mapping
 C - 15 scrolls of remove curse
 E - 4 scrolls of fog
 J - 16 scrolls of identify
 R - 3 scrolls of enchant armour
 U - 5 scrolls of blinking
Potions
 c - 7 potions of curing
 g - 5 potions of ambrosia
 i - 3 potions of invisibility
 p - 4 potions of haste
 r - 6 potions of flight
 s - 5 potions of magic
 w - 8 potions of mutation
 A - 6 potions of might
 I - 3 potions of resistance
 P - 2 potions of cancellation
 X - 5 potions of heal wounds
Books
 Z - a manual of Evocations
Miscellaneous
 n - a condenser vane
 z - a box of beasts
 D - a phantom mirror
 G - a phial of floods
 K - a lightning rod (4/4)
 N - a tin of tremorstones (2/2)


   Skills:
 + Level 17.2 Fighting
 - Level 20.0 Axes
 + Level 7.0 Throwing
 - Level 15.0 Armour
 - Level 11.0 Dodging
 - Level 1.0 Stealth
 - Level 15.0 Shields
 - Level 1.7 Unarmed Combat
 - Level 1.7 Spellcasting
 - Level 1.0 Transmutations
 + Level 14.9 Evocations


You had 21 spell levels left.
You knew the following spells:

 Your Spells              Type           Power        Failure   Level
a - Blink                 Tloc           N/A          71%         2

Your spell library contained the following spells:

 Spells                   Type           Power        Failure   Level
 Beastly Appendage        Tmut           8%           43%         1
 Sting                    Tmut/Pois      8%           50%         1
 Animate Skeleton         Necr           2%           56%         1
 Corona                   Hex            1%           56%         1
 Magic Dart               Conj           4%           56%         1
 Pain                     Necr           4%           56%         1
 Summon Small Mammal      Summ           4%           56%         1
 Wereblood                Tmut           4%           56%         2
 Call Imp                 Summ           1%           71%         2
 Corpse Rot               Necr/Air       N/A          71%         2
 Ensorcelled Hibernation  Hex/Ice        2%           71%         2
 Poisonous Vapours        Pois/Air       2%           71%         2
 Searing Ray              Conj           2%           71%         2
 Slow                     Hex            1%           71%         2
 Sublimation of Blood     Necr           0%           71%         2
 Spider Form              Tmut/Pois      1%           86%         3
 Ignite Poison            Fire/Tmut/Pois 2%           88%         3
 Call Canine Familiar     Summ           1%           91%         3
 Conjure Flame            Conj/Fire      1%           91%         3
 Dazzling Flash           Conj/Hex       2%           91%         3
 Inner Flame              Hex/Fire       1%           91%         3
 Mephitic Cloud           Conj/Pois/Air  1%           91%         3
 Portal Projectile        Hex/Tloc       2%           91%         3
 Static Discharge         Conj/Air       1%           91%         3
 Summon Guardian Golem    Hex/Summ       1%           91%         3
 Vampiric Draining        Necr           0%           91%         3
 Ice Form                 Ice/Tmut       2%           99%         4
 Animate Dead             Necr           0%           100%        4
 Cause Fear               Hex            0%           100%        4
 Dispel Undead            Necr           1%           100%        4
 Fulminant Prism          Conj/Hex       0%           100%        4
 Hailstorm                Conj/Ice       1%           100%        4
 Iskenderun's Mystic Bla  Conj/Tloc      1%           100%        4
 Leda's Liquefaction      Hex/Erth       0%           100%        4
 Olgreb's Toxic Radiance  Pois           1%           100%        4
 Summon Ice Beast         Ice/Summ       1%           100%        4
 Summon Lightning Spire   Summ/Air       1%           100%        4
 Agony                    Necr           1%           100%        5
 Alistair's Intoxication  Tmut/Pois      1%           100%        5
 Blade Hands              Tmut           2%           100%        5
 Bolt of Magma            Conj/Fire/Erth 0%           100%        5
 Borgnjor's Vile Clutch   Necr/Erth      0%           100%        5
 Excruciating Wounds      Necr           0%           100%        5
 Iskenderun's Battlesphe  Conj           1%           100%        5
 Lightning Bolt           Conj/Air       0%           100%        5
 Silence                  Hex/Air        0%           100%        5
 Freezing Cloud           Conj/Ice/Air   0%           100%        6
 Iron Shot                Conj/Erth      0%           100%        6
 Shadow Creatures         Summ           N/A          100%        6
 Orb of Destruction       Conj           0%           100%        7
 Spellforged Servitor     Conj/Summ      0%           100%        7
 Summon Hydra             Summ           0%           100%        7
 Ignition                 Fire           0%           100%        8
 Dragon's Call            Summ           0%           100%        9
 Shatter                  Erth           0%           100%        9
 Tornado                  Air            0%           100%        9


Dungeon Overview and Level Annotations

Branches:
Dungeon (15/15)            Temple (0/1) D:6            Lair (6/6) D:11
  Swamp (4/4) Lair:3        Snake (4/4) Lair:2        Slime (0/5) Lair:6
    Orc (2/2) D:12            Elf (3/3) Orc:2        Vaults (2/5) D:14
 Depths (4/5) D:15         Bailey (visited)           IceCv (visited)
Volcano (visited)
  Crypt: Vaults:2-3

Shops:
D:10 (??   D:13 (   D:14 ::![   Orc:2 =[(:   Elf:1 *   Elf:2 :   Elf:3 [
Snake:1 (   Snake:2 (*(:}   Snake:3 *   Snake:4 *   Vaults:1 !   Depths:1 :
Depths:2 *:

Portals:
Hell: Depths:1 Depths:2 Depths:3
Abyss: Depths:1
Pandemonium: Depths:2 Depths:3
Ziggurat: Depths:2

Annotations:
D:9 1 runed translucent door
D:12 Frances
D:14 2 transporters, garrulousMonolith's ghost, journeyman HOFi
Lair:2 exclusion: 4 oklob plants
Lair:6 exclusion: 3 doors
Vaults:2 Boris; Frederick
Depths:3 2 transporters, Morgoth's ghost, adept DgFE


Innate Abilities, Weirdness & Mutations

You have an increased reservoir of magic. (+10% MP)
You have a pair of small horns on your head.
You have sharp toenails.
You are very agile. (Dex +4)
Your system is resistant to poisons. (rPois)
Your muscles are strong. (Str +2)
You evolve.


Message History

Throw: 25 darts (curare)
Press: ? - help, Q - select action, (/) - cycle Shift-Dir - straight line, f/p - quicksilver dragon
Aim: a quicksilver dragon (severely wounded, 61% to hit)
You throw a curare-tipped dart.
The curare-tipped dart misses the quicksilver dragon.
Morgoth's ghost screams, "Don't try to defend!
You have no chance!"
You block the quicksilver dragon's attack. x2
Throw: 24 darts (curare)
Press: ? - help, Q - select action, (/) - cycle Shift-Dir - straight line, f/p - quicksilver dragon
Aim: a quicksilver dragon (severely wounded, 61% to hit)
You throw a curare-tipped dart.
The curare-tipped dart hits the quicksilver dragon.
The quicksilver dragon is poisoned.
The quicksilver dragon convulses.
The quicksilver dragon seems to slow down.
The quicksilver dragon is severely wounded.
You closely miss the quicksilver dragon.
The quicksilver dragon is severely wounded.
The quicksilver dragon breathes dispelling energy at you.
The bolt of dispelling energy hits you!!!
You die...

############## ##
####..#.........## .##
###.............#..#
#.##########.................##
##.....##..#.....(...........#
#>....####.....D@...##.......#
...##..##......).).....##..###
.#.###.......<.........##..#
###.##..........##..##....##
###.......................###
.#.....!.#####...#####..)...#
........## #..###eWC###..#.#
.....##.# ##.####iCCi.##.#.##
##..##### #..#..###.y..#....#


You could see a juggernaut, a quicksilver dragon (very poisoned, slow, catching
breath), a stone giant, a spriggan defender, an ettin and Morgoth's ghost.

Vanquished Creatures
  A juggernaut (Depths:1)
  Sojobo (Vaults:2)
  Saint Roka (Orc:1)
  A caustic shrike (Depths:3)
  Nikola (Depths:3)
  Rupert (D:14)
  A tentacled monstrosity (Depths:1)
  Jorgrun (Snake:2)
  3 liches (Depths:3)
  2 deep elf blademasters (Elf:2)
  A titan (Depths:1)
  A quicksilver dragon (Depths:3)
  A sphinx (Depths:1)
  A tentacled starspawn (Abyss:2)
  2 deep elf master archers
  Gastronok (Lair:2)
  Kirke (D:14)
  A revenant (Abyss:2)
  5 nagarajas
  3 tengu reavers
  6 frost giants
  8 fire giants
  An iron dragon (Depths:3)
  4 vault wardens
  A balrug (Abyss:2)
  10 deep elf sorcerers
  Aizul (Snake:4)
  An orc warlord (Orc:1)
  6 deep elf elementalists
  2 ironheart preservers
  A spriggan defender (Depths:1)
  14 stone giants
  A very ugly thing (Depths:1)
  10 deep elf demonologists
  A vampire knight (Depths:3)
  3 bunyips
  5 spark wasps
  10 deep elf annihilators
  A deep elf death mage (Elf:2)
  7 ettins
  6 eleionomae
  A merfolk impaler (Depths:1)
  4 fire dragons
  5 yaktaur captains
  5 rakshasas
  A shambling mangrove (Swamp:4)
  4 great orbs of eyes
  16 naga warriors
  3 deep elf high priests
  25 hydras
  3 boulder beetles
  A vault guard (Vaults:1)
  3 catoblepae
  10 centaur warriors
  9 ice dragons
  2 spriggan air magi
  19 anacondas
  11 death yaks
  24 dancing weapons
  31 two-headed ogres
  10 ogre magi
  A vampire mage (Depths:1)
  A death knight (D:15)
  5 alligators
  4 deep troll shamans (Depths:2)
  3 hell hogs (Abyss:2)
  A tengu warrior (D:14)
  7 deep troll earth magi
  Nergalle (D:12)
  Urug (D:13)
  2 orc high priests (Orc:2)
  3 spriggan berserkers
  3 shock serpents
  14 spriggans
  12 naga sharpshooters
  24 deep elf knights
  2 glowing orange brains
  4 iron trolls (Depths:2)
  5 unseen horrors
  8 goliath frogs
  An unseen horror (shapeshifter) (Depths:2)
  3 salamander mystics
  A hell knight (Volcano)
  4 sea snakes (Snake:2)
  20 deep trolls
  7 bog bodies
  6 spriggan druids
  11 naga ritualists
  8 swamp dragons
  18 deep elf archers
  3 lindwurms
  A necromancer (D:15)
  A lindwurm (shapeshifter) (Vaults:1)
  4 wizards
  4 orc knights
  7 ironbrand convokers
  2 wolf spiders (Vaults:1)
  A wolf spider zombie (D:15)
  5 orc sorcerers
  A harpy (Vaults:2)
  9 cyclopes
  15 mana vipers
  34 ugly things
  81 deep elf magi
  A frost giant zombie (Abyss:2)
  A will-o-the-wisp (Swamp:3)
  12 salamanders
  15 elephants
  33 black mambas
  25 naga magi
  A worldbinder (Abyss:2)
  15 guardian serpents
  An ice statue (IceCv)
  2 smoke demons (Abyss:2)
  An orange demon (Abyss:2)
  7 vault sentinels
  A cane toad (shapeshifter) (Depths:3)
  Maggie (D:9)
  8 rime drakes (Lair:6)
  3 centaur skeletons
  2 rime drakes (shapeshifter)
  17 cane toads
  5 freezing wraiths
  22 komodo dragons
  32 yaktaurs
  A demonic crawler (Abyss:2)
  An efreet (D:15)
  A red devil (Abyss:2)
  A tengu conjurer (Depths:2)
  A jumping spider (shapeshifter) (Depths:3)
  9 trolls
  A meliai (shapeshifter) (D:14)
  10 tyrant leeches
  14 polar bears
  A troll (shapeshifter) (Vaults:1)
  2 blink frogs (shapeshifter) (Depths:3)
  19 hornets
  2 polar bears (shapeshifter)
  A harpy zombie (D:13)
  4 raiju (Abyss:2)
  Grinder (D:4)
  A wind drake (shapeshifter) (Vaults:2)
  5 slime creatures
  11 blink frogs (Lair:6)
  A raiju (shapeshifter) (D:13)
  A dream sheep (shapeshifter) (Depths:3)
  A wyvern (D:11)
  A centaur simulacrum (D:15)
  A spriggan (shapeshifter) (Vaults:1)
  A tarantella (shapeshifter) (Depths:3)
  4 water elementals
  Sigmund (D:2)
  2 large abominations (Abyss:2)
  An ettin skeleton (Abyss:2)
  2 shadows
  An air elemental (Elf:3)
  45 yaks
  5 hogs (D:14)
  2 vampires
  A basilisk (shapeshifter) (Elf:1)
  3 fire bats (Lair:6)
  7 wraiths
  2 ynoxinuls (Abyss:2)
  2 steam dragons
  4 basilisks
  A chaos spawn (Abyss:2)
  6 vampire mosquitoes
  4 wargs
  Menkaure (D:6)
  A soldier ant (shapeshifter) (Vaults:1)
  11 swamp worms
  48 nagas
  3 acid dragons
  21 water moccasins
  6 small abominations (Abyss:2)
  Duvessa (D:7)
  2 hornet zombies
  8 swamp drakes
  12 ice beasts
  4 sky beasts
  2 eyes of draining
  8 black bears
  44 orc warriors
  23 boggarts
  5 phantoms
  4 necrophages
  40 ogres
  19 wolves
  21 centaurs
  A big kobold (D:8)
  27 bullfrogs
  5 gnoll sergeants (D:10)
  4 scorpions
  Dowan (D:7)
  9 killer bees
  12 wights
  An electric eel (Snake:2)
  2 howler monkeys
  2 crimson imps
  7 jellies
  7 centaur zombies
  A quasit (D:8)
  3 bullfrog zombies
  16 hounds
  2 gnoll shamans (D:10)
  27 orc priests
  4 bullfrog skeletons
  4 iguanas
  27 orc wizards
  6 hell rats (Lair:4)
  8 worker ants
  A hound skeleton (D:8)
  37 gnolls
  7 adders
  2 shadow imps
  3 white imps
  3 ufetubi
  2 oozes
  An adder skeleton (D:4)
  2 worms
  3 dart slugs
  3 leopard geckos
  121 orcs
  3 ball pythons
  9 giant cockroaches
  8 goblins
  22 hobgoblins
  7 jackals
  6 quokkas
  5 bats
  7 frilled lizards
  18 kobolds
  2 quokka skeletons (D:5)
  7 rats
  A starspawn tentacle (Abyss:2)
1794 creatures vanquished.

Vanquished Creatures (collateral kills)
  2 death yaks (Lair:4)
  A shock serpent (Snake:2)
  A sea snake (Snake:2)
4 creatures vanquished.

Vanquished Creatures (others)
  A nagaraja (Snake:4)
  A vault warden (Vaults:2)
  An unseen horror (D:14)
  A bog body (Swamp:3)
  3 bloated husks
  A vampire mosquito (Swamp:1)
  A sky beast (D:14)
  A small abomination (Abyss:2)
  An orc (D:10)
  6 foxfires (Swamp:3)
  14 fungi
  51 plants
  A starspawn tentacle (Abyss:2)
  A withered plant (D:5)
84 creatures vanquished.

Grand Total: 1882 creatures vanquished

Notes
Turn   | Place    | Note
-------+----------+-------------------------------------------
     0 | D:1      | gimp the Demigod Wanderer began the quest for the Orb.
     0 | D:1      | gimp set off with the following items: a +0 dagger, a
                  | potion of heal wounds, a potion of lignification, a scroll
                  | of teleportation, a +0 robe, a scroll of fear
     0 | D:1      | Reached XP level 1. HP: 16/16 MP: 5/5
   595 | D:1      | Reached XP level 2. HP: 12/24 MP: 7/7
  1420 | D:2      | Reached XP level 3. HP: 14/30 MP: 8/8
  1786 | D:2      | Noticed Sigmund
  2339 | D:2      | Killed Sigmund
  2340 | D:2      | Reached skill level 5 in Fighting
  2340 | D:2      | Reached skill level 1 in Armour
  2340 | D:2      | Reached XP level 4. HP: 42/42 MP: 9/9
  2340 | D:2      | Reached XP level 5. HP: 48/48 MP: 10/10
  2944 | D:3      | Found a faded altar of an unknown god.
  3118 | D:3      | Found a snail-covered altar of Cheibriados.
  3126 | D:3      | Found a hide-covered altar of Uskayaw.
  3219 | D:3      | Reached XP level 6. HP: 55/56 MP: 11/11
  3223 | D:3      | Found a sacrificial altar of Ru.
  3359 | D:3      | Found a shimmering altar of Xom.
  3359 | D:3      | Found a burning altar of Makhleb.
  3718 | D:4      | Noticed Grinder
  3925 | D:3      | Reached skill level 1 in Axes
  4051 | D:4      | Found a basalt altar of Yredelemnul.
  4371 | D:4      | Found an iron altar of Okawaru.
  4530 | D:4      | Killed Grinder
  4531 | D:4      | Reached skill level 3 in Axes
  4531 | D:4      | Reached XP level 7. HP: 54/61 MP: 12/12
  4862 | D:4      | Found an ancient bone altar of Kikubaaqudgha.
  5007 | D:5      | Entered Level 5 of the Dungeon
  5690 | D:5      | Noticed a shadow
  5691 | D:5      | Found a shadowy altar of Dithmenos.
  5692 | D:5      | Found a hazy altar of Hepliaklqana.
  5717 | D:5      | Reached skill level 4 in Axes
  5838 | D:5      | Reached skill level 5 in Armour
  6559 | D:6      | Found a staircase to the Ecumenical Temple.
  7019 | D:6      | Reached XP level 8. HP: 58/68 MP: 13/13
  7124 | D:6      | Found an opulent altar of Gozag.
  7185 | D:6      | Reached skill level 5 in Axes
  7579 | D:6      | Reached skill level 6 in Axes
  7911 | D:6      | Noticed Menkaure
  7930 | D:6      | Killed Menkaure
  8645 | D:7      | Reached skill level 7 in Axes
  9067 | D:7      | Reached XP level 9. HP: 65/74 MP: 14/14
  9784 | D:7      | Noticed Duvessa
  9786 | D:7      | Noticed Dowan
  9794 | D:7      | Reached skill level 8 in Axes
  9804 | D:7      | Killed Dowan
  9812 | D:7      | Killed Duvessa
 10540 | D:7      | Found a radiant altar of Vehumet.
 10735 | D:7      | Reached skill level 9 in Axes
 11648 | D:8      | Reached skill level 10 in Axes
 12421 | D:8      | Found a sparkling altar of Nemelex Xobeh.
 12515 | D:9      | Noticed a two-headed ogre
 12585 | D:9      | Paralysed by a hornet for 3 turns
 12612 | D:9      | Reached XP level 10. HP: 43/81 MP: 15/15
 12986 | D:9      | Noticed Maggie
 12998 | D:9      | Gained mutation: You are dopey. (Int -2) [potion of
                  | mutation]
 12998 | D:9      | Gained mutation: Armour fits poorly on your strangely
                  | shaped body. [potion of mutation]
 12998 | D:9      | Gained mutation: You are strong-willed. (Will+) [potion of
                  | mutation]
 13023 | D:9      | Killed Maggie
 13253 | D:9      | Lost mutation: Armour fits poorly on your strangely shaped
                  | body. [potion of mutation]
 13253 | D:9      | Lost mutation: You are dopey. (Int -2) [potion of mutation]
 13253 | D:9      | Lost mutation: You are strong-willed. (Will+) [potion of
                  | mutation]
 13253 | D:9      | Gained mutation: You evolve. [potion of mutation]
 13253 | D:9      | Gained mutation: You are agile. (Dex +2) [potion of
                  | mutation]
 13416 | D:9      | Found a runed translucent door.
 13418 | D:9      | Noticed a two-headed ogre
 13530 | D:9      | Reached skill level 11 in Axes
 13752 | D:9      | Killed a two-headed ogre
 14084 | D:9      | Found an ornate altar of the Wu Jian Council.
 14349 | D:9      | Identified the +3 leather armour of Greater Demons {rElec
                  | rN+ Regen+ Dex+4 Stlth-} (You found it on level 9 of the
                  | Dungeon)
 14353 | D:10     | Entered Level 10 of the Dungeon
 14933 | D:10     | Learned a level 2 spell: Blink
 15192 | D:10     | Reached skill level 1 in Shields
 15508 | D:10     | Gained mutation: Your system is resistant to poisons.
                  | (rPois) [evolution]
 15865 | D:10     | Found Taruf's Magic Scroll Shop.
 15869 | D:10     | Bought a scroll of fear for 56 gold pieces
 15869 | D:10     | Bought a scroll of identify for 32 gold pieces
 15869 | D:10     | Bought a scroll of identify for 32 gold pieces
 15869 | D:10     | Bought a scroll of identify for 32 gold pieces
 15897 | D:10     | Found Bateulih's Magic Scroll Boutique.
 15918 | D:10     | Bought a scroll of magic mapping for 56 gold pieces
 15918 | D:10     | Bought a scroll of teleportation for 48 gold pieces
 15918 | D:10     | Bought a scroll of identify for 32 gold pieces
 15918 | D:10     | Bought a scroll of identify for 32 gold pieces
 15918 | D:10     | Bought a scroll of identify for 32 gold pieces
 16049 | D:10     | Found Ofuin's Weapon Shoppe.
 16428 | D:11     | Found a staircase to the Lair.
 16429 | D:11     | Noticed an unseen horror
 16995 | D:11     | Reached skill level 12 in Axes
 17074 | D:11     | Reached XP level 11. HP: 86/86 MP: 17/17
 17162 | D:11     | Noticed a two-headed ogre
 17171 | D:11     | Killed a two-headed ogre
 17190 | D:11     | HP: 2/86 [komodo dragon (21)]
 17497 | D:11     | Noticed an unseen horror
 17508 | D:11     | Killed an unseen horror
 17509 | D:11     | Reached skill level 5 in Dodging
 17509 | D:11     | Killed an unseen horror
 17510 | D:11     | Reached skill level 13 in Axes
 17768 | D:12     | Noticed a two-headed ogre
 17785 | D:12     | Killed a two-headed ogre
 17786 | D:12     | Reached skill level 1 in Evocations
 17888 | D:12     | Found a staircase to the Orcish Mines.
 18579 | D:12     | Identified a scroll of acquirement
 18592 | D:12     | Acquired a +0 pair of boots of running
 18623 | D:12     | Noticed Nergalle
 18646 | D:12     | Killed Nergalle
 18803 | D:12     | Noticed Frances
 19080 | D:12     | Noticed an eight-headed hydra
 19325 | D:12     | Gained mutation: You have sharp toenails. [evolution]
 19409 | D:12     | Killed a one-headed hydra
 19638 | Orc:1    | Entered Level 1 of the Orcish Mines
 19649 | Orc:1    | Noticed an orc high priest
 19660 | Orc:1    | Found a flagged portal.
 19685 | Bailey   | Entered a bailey
 20067 | Bailey   | Reached XP level 12. HP: 105/105 MP: 18/18
 20257 | Orc:1    | Found a bloodstained altar of Trog.
 20333 | Orc:2    | Entered Level 2 of the Orcish Mines
 20348 | Orc:1    | Reached XP level 13. HP: 78/111 MP: 19/19
 20679 | Orc:2    | Reached skill level 14 in Axes
 20683 | Orc:2    | Noticed an orc warlord
 20723 | Orc:1    | Killed an orc warlord
 21018 | Orc:2    | Found a roughly hewn altar of Beogh.
 21388 | Orc:2    | Noticed Saint Roka
 21798 | Orc:1    | HP: 4/111 [Saint Roka/divine providence (9)]
 21807 | Orc:1    | Killed Saint Roka
 21808 | Orc:1    | Reached skill level 5 in Evocations
 22446 | Orc:2    | Found a roughly hewn altar of Beogh.
 22517 | Orc:2    | Found a roughly hewn altar of Beogh.
 22518 | Orc:2    | Found Ybrol's Book Shoppe.
 22555 | Orc:2    | Found a roughly hewn altar of Beogh.
 22555 | Orc:2    | Found Xapp's Antique Weapon Shoppe.
 22557 | Orc:2    | Found Gynkur's Antique Armour Emporium.
 22598 | Orc:2    | Bought a shiny helmet for 225 gold pieces
 22733 | Orc:2    | Reached skill level 15 in Axes
 22834 | Orc:2    | Gained mutation: Armour fits poorly on your strangely
                  | shaped body. [evolution]
 22836 | Orc:2    | Found a staircase to the Elven Halls.
 22899 | Orc:2    | Found a roughly hewn altar of Beogh.
 22915 | Orc:2    | Found Mesucsiz's Jewellery Shop.
 22948 | Orc:2    | Bought an uncursed amulet of reflection for 450 gold pieces
 22982 | Orc:2    | Found a roughly hewn altar of Beogh.
 23214 | Orc:2    | Bought an uncursed ring of protection from cold for 375
                  | gold pieces
 23585 | Lair:1   | Entered Level 1 of the Lair of Beasts
 25455 | Lair:2   | Acquired 716 gold pieces
 25686 | Lair:2   | Noticed Gastronok
 25700 | Lair:2   | Killed Gastronok
 25701 | Lair:2   | Reached skill level 5 in Shields
 25701 | Lair:2   | Reached XP level 14. HP: 76/118 MP: 20/20
 25850 | Lair:2   | Found a staircase to the Snake Pit.
 27018 | Lair:3   | Found a staircase to the Swamp.
 28005 | Lair:4   | Reached skill level 16 in Axes
 28056 | Lair:4   | Found a dark tunnel.
 28304 | Volcano  | Entered a volcano
 30908 | Lair:5   | Identified the cursed -4 pair of boots of the Equator
                  | {+Blink rElec Dex+2} (You found it on level 5 of the Lair
                  | of Beasts)
 31213 | Lair:6   | Entered Level 6 of the Lair of Beasts
 31542 | Lair:6   | Reached XP level 15. HP: 100/125 MP: 21/21
 31620 | Lair:6   | Found a staircase to the Slime Pits.
 32167 | Lair:6   | Reached skill level 17 in Axes
 33430 | D:13     | Reached skill level 10 in Armour
 33540 | D:13     | Found Winwesy's Weapon Emporium.
 33549 | D:13     | Reached skill level 10 in Shields
 33778 | D:13     | Gained mutation: You have a pair of small horns on your
                  | head. [evolution]
 33857 | D:13     | Noticed Urug
 33865 | D:13     | Killed Urug
 33970 | D:14     | Found Iseidgh's Book Shoppe.
 34030 | D:14     | Found a shadowy altar of Dithmenos.
 34091 | D:14     | Found a gate to the Vaults.
 34291 | D:14     | Noticed Rupert
 34312 | D:14     | Killed Rupert
 34313 | D:14     | Found a glowing golden altar of the Shining One.
 34485 | D:14     | Found a transporter.
 34499 | D:14     | Noticed Kirke
 34520 | D:14     | Noticed garrulousMonolith's ghost (journeyman HOFi)
 34773 | D:14     | Found Wovoba's Distillery.
 34777 | D:14     | Bought a potion of haste for 120 gold pieces
 34777 | D:14     | Bought a potion of curing for 36 gold pieces
 34777 | D:14     | Bought a potion of invisibility for 96 gold pieces
 34828 | D:14     | Found Xekh's Book Boutique.
 34879 | D:14     | Found a transporter.
 34906 | D:14     | Killed Kirke
 35005 | D:14     | Found Wimihia's Antique Armour Boutique.
 35009 | D:14     | Bought a pair of glowing gloves for 210 gold pieces
 35009 | D:14     | Bought a glowing cloak for 210 gold pieces
 35157 | D:15     | Entered Level 15 of the Dungeon
 35198 | D:15     | Found a frozen archway.
 35268 | IceCv    | Entered an ice cave
 36254 | D:15     | Reached skill level 18 in Axes
 36254 | D:15     | Reached XP level 16. HP: 132/132 MP: 22/22
 36787 | D:15     | Found a staircase to the Depths.
 37175 | Orc:2    | Bought a runed broad axe for 203 gold pieces
 37179 | Orc:2    | Bought a runed broad axe for 203 gold pieces
 37386 | Swamp:1  | Entered Level 1 of the Swamp
 40352 | Swamp:3  | Acquired 859 gold pieces
 41170 | Swamp:4  | Entered Level 4 of the Swamp
 42846 | Swamp:4  | Reached skill level 19 in Axes
 42973 | Swamp:4  | Identified the cursed +0 ring mail "Nuuthruch" {+Inv rF+++
                  | Stlth-} (You found it on level 4 of the Swamp)
 42986 | Swamp:4  | Got a decaying rune of Zot
 43036 | Swamp:4  | Gained mutation: Your muscles are strong. (Str +2)
                  | [evolution]
 43243 | Snake:1  | Entered Level 1 of the Snake Pit
 43250 | Snake:1  | Reached XP level 17. HP: 137/138 MP: 23/23
 44106 | Snake:1  | Found Vachim's Antique Weapon Emporium.
 44855 | Snake:2  | Found Ophouhoc's Book Emporium.
 44855 | Snake:2  | Found Atiqoyji's Gadget Emporium.
 44866 | Snake:2  | Bought a box of beasts for 640 gold pieces
 44866 | Snake:2  | Bought a phantom mirror for 640 gold pieces
 45307 | Snake:2  | Found Amnac's Antique Weapon Shop.
 45309 | Snake:2  | Found Doamn's General Store.
 45311 | Snake:2  | Found Etzaocim's Antique Weapon Shop.
 45317 | Snake:2  | Bought a scroll of fear for 59 gold pieces
 45317 | Snake:2  | Bought a potion of heal wounds for 85 gold pieces
 45317 | Snake:2  | Bought a scroll of fog for 34 gold pieces
 45317 | Snake:2  | Bought a scroll of teleportation for 51 gold pieces
 45317 | Snake:2  | Bought a potion of heal wounds for 85 gold pieces
 45317 | Snake:2  | Bought a scroll of identify for 34 gold pieces
 45317 | Snake:2  | Bought 2 throwing nets for 102 gold pieces
 45821 | Snake:2  | Noticed Jorgrun
 45838 | Snake:2  | Killed Jorgrun
 48954 | Snake:3  | Found Retoleco's General Store.
 48961 | Snake:3  | Bought a scroll of teleportation for 39 gold pieces
 48961 | Snake:3  | Bought a scroll of fog for 26 gold pieces
 49340 | Snake:3  | Found a broken altar of Ashenzari.
 49630 | Snake:4  | Entered Level 4 of the Snake Pit
 50192 | Snake:4  | Noticed Aizul
 50218 | Snake:4  | Killed Aizul
 50653 | Snake:4  | Found Celag's Assorted Antiques.
 50658 | Snake:4  | Bought a scroll of blinking for 225 gold pieces
 50658 | Snake:4  | Bought a scroll of magic mapping for 105 gold pieces
 50658 | Snake:4  | Bought a scroll of identify for 60 gold pieces
 50658 | Snake:4  | Bought a scroll of fog for 60 gold pieces
 50658 | Snake:4  | Bought a scroll of identify for 60 gold pieces
 50934 | Snake:4  | Reached skill level 20 in Axes
 50937 | Snake:4  | Reached XP level 18. HP: 118/146 MP: 24/24
 51309 | Snake:4  | Reached skill level 15 in Shields
 51746 | Snake:4  | Reached skill level 10 in Fighting
 52496 | Snake:4  | Got a serpentine rune of Zot
 52608 | Snake:2  | Gained mutation: You are very agile. (Dex +4) [evolution]
 52810 | Vaults:1 | Entered Level 1 of the Vaults
 52955 | Vaults:1 | Reached skill level 5 in Throwing
 54051 | Vaults:1 | Found Ojouduu's Distillery.
 54076 | Vaults:1 | Identified the cursed +1 leather armour "Kenivane" {rF+
                  | Dex+4} (You found it on level 1 of the Vaults)
 55328 | Vaults:2 | Reached XP level 19. HP: 142/157 MP: 25/25
 56215 | Vaults:2 | Identified the +1 plate armour "Kekkizix" {-Cast rElec rC-
                  | MP+9} (You found it on level 2 of the Vaults)
 56254 | Vaults:2 | Noticed Sojobo
 56280 | Vaults:2 | Killed Sojobo
 56282 | Vaults:2 | Noticed Boris
 56284 | Vaults:2 | Noticed Frederick
 56888 | Elf:1    | Entered Level 1 of the Elven Halls
 57310 | Elf:1    | Identified the Catalogue of Arcane Weapons and Summoning
 57449 | Elf:1    | Found Gaaq's Assorted Antiques.
 57523 | Elf:1    | Noticed a Brimstone Fiend
 57609 | Elf:1    | Identified the Collected Works on Companions
 57716 | Elf:1    | Bought a scroll of teleportation for 111 gold pieces
 57716 | Elf:1    | Bought a potion of heal wounds for 185 gold pieces
 57841 | Elf:2    | Found Tivibb's Book Emporium.
 59138 | Elf:2    | Found a huge runed translucent gate.
 59138 | Elf:2    | Found a huge runed translucent gate.
 59151 | Elf:2    | Found a huge runed translucent gate.
 59151 | Elf:2    | Found a huge runed translucent gate.
 59151 | Elf:2    | Found a huge runed translucent gate.
 59294 | Elf:2    | Reached skill level 15 in Armour
 60153 | Elf:2    | Reached XP level 20. HP: 139/170 MP: 26/26
 60293 | Elf:3    | Entered Level 3 of the Elven Halls
 60459 | Elf:3    | Found the macabre finger necklace {rN+}
 62022 | Elf:2    | Reached skill level 10 in Evocations
 62170 | Elf:3    | Reached skill level 10 in Dodging
 62279 | Elf:3    | Cast into level 2 of the Abyss (a deep elf demonologist)
 62812 | Elf:3    | Escaped the Abyss
 63111 | Elf:3    | Lost mutation: Armour fits poorly on your strangely shaped
                  | body. [evolution]
 63413 | Elf:3    | Found Beceaman's Antique Armour Boutique.
 63419 | Elf:3    | Bought a glowing kite shield for 232 gold pieces
 63656 | Elf:3    | Found the +3 giant club "Skullcrusher" {speed, Str+7}
 63662 | Elf:3    | Identified the cursed +0 chain mail of Monotheism {rElec
                  | rF- rN+++ Stlth+} (You found it on level 3 of the Elven
                  | Halls)
 63690 | Elf:3    | Identified the Reference Book on Supportive Toxins
 63807 | Elf:3    | Bought a runed kite shield for 232 gold pieces
 63975 | Elf:3    | Identified the ring "Tuplyef" {Ice +Inv rPois Will- Int+6}
                  | (You found it on level 3 of the Elven Halls)
 64216 | Depths:1 | Entered Level 1 of the Depths
 64216 | Depths:1 | Found a gateway to Hell.
 64842 | Depths:1 | Found a one-way gate to the infinite horrors of the Abyss.
 65269 | Depths:1 | Found a runed translucent door.
 65447 | Depths:1 | Found Pyebite's One-of-a-Kind Books.
 65546 | Depths:1 | Reached skill level 15 in Fighting
 65816 | Depths:2 | Noticed a juggernaut
 65832 | Depths:1 | Killed a juggernaut
 65833 | Depths:1 | Reached XP level 21. HP: 67/184 MP: 28/28
 66694 | Depths:2 | Found a gateway to a ziggurat.
 67172 | Depths:2 | Found Ururugg's Book Boutique.
 67582 | Depths:2 | Found a one-way gate leading to the halls of Pandemonium.
 68223 | Depths:2 | Found Moghaser's Assorted Antiques.
 68231 | Depths:2 | Bought a scroll of blinking for 202 gold pieces
 68231 | Depths:2 | Bought a potion of heal wounds for 135 gold pieces
 68339 | Depths:2 | Found a broken altar of Ashenzari.
 69590 | Depths:3 | Noticed Nikola
 69747 | Depths:3 | Killed Nikola
 70331 | Depths:3 | Noticed a juggernaut
 70332 | Depths:3 | Identified the +7 rapier of Yrghiaff {flame, rF+ Str+4}
 70332 | Depths:3 | Identified the +9 quick blade "Pinu" {antimagic, rPois rC+
                  | Will+}
 70334 | Depths:3 | Identified the cursed +2 quick blade "Zib Oqur" {flame, rC+
                  | Dex+4}
 70334 | Depths:3 | Identified the ring of Intercession {*Slow rElec EV+4
                  | Int+5}
 70335 | Depths:3 | Noticed Morgoth's ghost (adept DgFE)
 70433 | Depths:3 | Found a bloodstained altar of Trog.
 70465 | Depths:3 | Found a transporter.
 70467 | Depths:3 | Found a transporter.
 72960 | Depths:4 | Identified the +10 whip "Asimoen" {antimagic, rElec rF-
                  | Str-2 Int+3}
 72962 | Depths:4 | Noticed a caustic shrike
 73133 | Depths:3 | Killed a caustic shrike
 73553 | Depths:3 | Killed from afar by a quicksilver dragon

Illustrated notes

Levels and vault maps discovered:
D:1:      lordsloth_arrival_two_stooges, layout_loops_ring, kennysheep_boxes
D:2:      layout_rooms, uniq_sigmund
D:3:      layout_loops_ring, grunt_temple_overflow_champion_of_chaos,
          marbit_many_paths, chequers_temple_overflow_statue_of_worship,
          chequers_ecumenical_altar_island, chequers_mini_garden
D:4:      layout_cave_pods, okawaru_ov_weapons_minmay, kennysheep_mini_moat,
          yredelemnul_altar_generic, uniq_grinder
D:5:      layout_gridville, riverfiend_overflow_shadow_ancestor, serial_undead,
          serial_undead_c, serial_undead_b, serial_undead_e, serial_undead_b,
          minmay_manual_mandibuliform
D:6:      layout_gridville, nicolae_gozag_cash_rules_everything_around_me,
          minmay_temple_entry_slanted, uniq_menkaure
D:7:      layout_layer_cave, general_overflow_altar, uniq_duvessa
D:8:      layout_rooms, nemelex_xobeh_ov_fountains_minmay, enter_ossuary_5
D:9:      layout_loops_corners, basic_altar, minmay_st_funbox,
          minmay_starry_boxes, uniq_maggie
D:10:     layout_cave_pools, serial_shops, nicolae_shop_stone,
          serial_gnoll_camp, gnoll_camp_huts_basic, gnoll_camp_mini_house,
          gnoll_camp_mini_shop, gnoll_camp_mini_shop, gnoll_camp_medium_01,
          gnoll_camp_mini_house
D:11:     cheibrodos_ideogram_h, layout_rooms, lair_entry_dummy
D:12:     layout_irregular_city, erik_orc_3, evilmike_butchery, uniq_frances,
          uniq_nergalle
D:13:     layout_gridville, serial_shops, shop, uniq_urug
D:14:     layout_roguey, erik_vaults_1, nzn_ghost_randoct, basic_altar,
          serial_shops, shop, shop, shop, kennysheep_little_box,
          nicolae_tso_carved_into_rock, uniq_rupert, uniq_kirke
D:15:     grunt_enter_depths_magical_seal, layout_rooms,
          portal_ice_cave_entry_ice_beasts, hangedman_decor_slide_cut
Lair:1:   layout_chaotic_city
Lair:2:   layout_cave_pods, dummy_snake_entry, lemuel_fruit_tree,
          grunt_megastairs_3, minmay_lair_oklob_chamber, uniq_gastronok
Lair:3:   layout_long_grid, skrybe_swamp_entry_bodies, grunt_megastairs_5,
          infiniplex_staircase_pool
Lair:4:   layout_roguey, nicolae_volcano_entry_vermiform,
          infiniplex_staircase_pool_2
Lair:5:   cheibrodos_lair_overgrown_chateau, layout_regular_city,
          nzn_sisyphean_effort, serial_bayou_shore_b
Lair:6:   evil_forest, layout_gridlike, slime_dummy, minmay_lair_drake_nest
Swamp:1:  layout_falls_marsh, evilmike_swamp_ruin_house_3
Swamp:2:  layout_basic_swamp, hangedman_swamp_ruin_wall
Swamp:3:  layout_basic_swamp, evilmike_swamp_ruin_house_4
Swamp:4:  swamp, layout_basic_swamp
Snake:1:  layout_onion, serial_shops, nicolae_shop_overgrown_old_shop,
          drop_trap, grunt_ministairs_7
Snake:2:  layout_chambers, serial_shops, shop_statue, shop, minmay_shop_star,
          serial_bayou_shore_a, serial_bayou_shore_b, uniq_jorgrun
Snake:3:  layout_layer_cave, basic_altar, serial_shops, shop, grunt_ministairs_3
Snake:4:  grunt_snake_rune_serpentine_throne, layout_cave_town, serial_shops,
          nicolae_shop_overgrown_old_shop, uniq_aizul
Orc:1:    layout_caves, enter_bailey_2, trog_book
Orc:2:    grunt_orc_community_town_hall, layout_diamond_mine,
          grunt_orc_community_big_house_1, grunt_orc_community_big_house_1,
          grunt_orc_community_house_2, grunt_orc_community_house_2,
          grunt_orc_community_house_3, grunt_orc_community_house_1
Elf:1:    eino_elf_arrival_the_gate, layout_geoelf_octagon, serial_shops,
          nicolae_shop_waterfront, minmay_elf_demonology, minmay_elf_sorcery
Elf:2:    layout_rooms, serial_shops, nicolae_shop_trees
Elf:3:    minmay_elf_hall_x, layout_gridlike, serial_shops,
          nicolae_shop_statue_plus, minmay_fountain_box, grunt_megastairs_4
Vaults:1: v_misc_10, nicolae_vaults_back_hallway, vaults_mumra_hexcomb,
          hangedman_vaults_corner, ontoclasm_vaults_twist,
          ontoclasm_vaults_hangar, v_misc_15, nicolae_vaults_network_s,
          nicolae_vaults_windows_and_doors_thing, v_misc_24,
          nicolae_vaults_three_branches, layout_vaults_omnigrid, serial_shops,
          shop
Vaults:2: hangedman_vaults_maws, v_rooms_5, v_rooms_6, nicolae_vaults_theta,
          vaults_mumra_minichess, hangedman_vaults_nails,
          nicolae_vaults_inception_statues, vaults_mumra_hex,
          nicolae_vaults_ring_of_whatevers, vaults_mumra_chevron_long,
          vaults_dpeg_cross, vaults_dpeg_diagonal, layout_vaults_omnicross,
          uniq_frederick, uniq_boris, uniq_sojobo, uniq_asterion
Depths:1: layout_forbidden_donut, abyss_entry_glasseish, hell_entry,
          minmay_misc_feat_x, nicolae_rare_books, lightli_gold_pyramid
Depths:2: minmay_ambush_box, layout_basic, enter_ziggurat_d, hell_entry,
          pan_entry, ashenzari_altar_1, serial_shops,
          nicolae_shop_overgrown_old_shop, minmay_shop_grid_forest,
          minmay_misc_feat_encased, grunt_ministairs_11,
          infiniplex_staircase_zigzag_3
Depths:3: minmay_split_circle, layout_cave_shapes, pf_coc_iceberg,
          corexii_corridor_pit, pan_entry, gammafunk_ghost_wrathful_warriors,
          uniq_nikola
Depths:4: minmay_the_grid_octo_triangle [minmay_the_grid_octo_fat_diamond,
          minmay_the_grid_octo_prize_big_c, minmay_the_grid_octo_shrine],
          layout_cave_pools, abyss_entry_small_statue_room,
          grunt_hell_entry_dis_mu, minmay_misc_feat_square, serial_shops, shop,
          hangedman_eye_storm

Skill      XL: |  1  2  3  4  5  6  7  8  9 10 11 12 13 14 15 16 17 18 19 20 21 |
---------------+----------------------------------------------------------------+-----
Fighting       | 2 5 9 11 12 15 17 | 17.2
Armour         | 1 2 4 5 6 7 8 9 10 11 13 15 | 15.0
Axes           | 3 4 7 10 12 13 15 16 18 19 20 | 20.0
Dodging        | 3 5 6 8 9 11 | 11.0
Shields        | 3 4 5 8 11 13 14 15 | 15.0
Evocations     | 3 6 9 11 14 | 14.9
Throwing       | 3 6 7 |  7.0
Stealth        | |  1.0
Unarmed Combat | |  1.7
Spellcasting   | |  1.7
Transmutations | |  1.0

Action                   |  1- 3 |  4- 6 |  7- 9 | 10-12 | 13-15 | 16-18 | 19-21 || total
-------------------------+-------+-------+-------+-------+-------+-------+-------++-------
Melee: Dagger            |   210 |   184 |   327 |     5 |       |       |       ||   726
       Punch             |     2 |     2 |    10 |       |       |       |       ||    14
       Hand axe          |       |       |   381 |   444 |    66 |    81 |       ||   972
       War axe           |       |       |       |   548 |   126 |       |       ||   674
       Broad axe         |       |       |       |       |  1422 |  1388 |  1296 ||  4106
       Headbutt          |       |       |       |       |   146 |   471 |   454 ||  1071
       Unarmed           |       |       |       |       |     2 |       |       ||     2
Throw: Dart              |     4 |     4 |       |    23 |    32 |       |    31 ||    94
       Javelin           |     3 |     1 |       |     3 |    20 |       |       ||    27
Evoke: Wand              |       |       |       |     4 |     6 |     3 |     5 ||    18
       Phial of floods   |       |       |       |     1 |     1 |       |     2 ||     4
       Lightning rod     |       |       |       |       |       |     4 |     4 ||     8
       Box of beasts     |       |       |       |       |       |     2 |     2 ||     4
       Phantom mirror    |       |       |       |       |       |     1 |     1 ||     2
       Tin of tremorston |       |       |       |       |       |       |     5 ||     5
       Condenser vane    |       |       |       |       |       |       |     1 ||     1
  Use: Potion            |     3 |     1 |     6 |     8 |    12 |     3 |     1 ||    34
       Scroll            |       |     7 |    10 |    11 |    22 |    15 |     9 ||    74
 Stab: Invisible         |       |     1 |       |       |     1 |       |       ||     2
       Paralysed         |       |       |       |       |     6 |       |       ||     6
       Distracted        |       |       |       |       |       |     4 |     3 ||     7
Armor: Robe              |    38 |       |       |       |       |       |       ||    38
       Skin              |    18 |     5 |    81 |    14 |       |       |       ||   118
       Scale mail        |    41 |    71 |    93 |       |       |       |       ||   205
       Fire dragon scale |       |       |   213 |       |       |       |       ||   213
       Plate armour      |       |       |   139 |    11 |       |       |       ||   150
       Swamp dragon scal |       |       |       |   271 |    25 |       |       ||   296
       Chain mail        |       |       |       |       |   431 |   266 |   164 ||   861
Dodge: Dodged            |   139 |    55 |   392 |   498 |   444 |   378 |   441 ||  2347
Block: Buckler           |       |       |       |   274 |   134 |       |       ||   408
       Kite shield       |       |       |       |       |  1116 |  1375 |   965 ||  3456
       Reflection        |       |       |       |       |    19 |   168 |   125 ||   312

Table legend: (Time is in decaauts)
 A = Elapsed time spent in this place.
 B = Non-inter-level travel time spent in this place.
 C = Inter-level travel time spent in this place.
 D = Time resting spent in this place.
 E = Time spent auto-exploring this place.
 F = Levels seen in this place.
 G = Mean time per level.
                   A        B        C        D        E       F      G
               +--------+--------+--------+--------+--------+-----+--------+
         Total |  71548 |  68693 |   2855 |  13212 |  42633 |  44 | 1626.1 |
       Dungeon |  23422 |  22415 |   1007 |   3666 |  13785 |  15 | 1561.5 |
          Lair |   8980 |   8363 |    617 |    848 |   6044 |   6 | 1496.7 |
         Swamp |   5420 |   5267 |    153 |   1401 |   3098 |   4 | 1355.0 |
     Snake Pit |   8797 |   8579 |    218 |   1458 |   5857 |   4 | 2199.2 |
  Orcish Mines |   3458 |   3182 |    276 |    740 |   1541 |   2 | 1729.0 |
   Elven Halls |   6536 |   6304 |    232 |   1918 |   3316 |   3 | 2178.7 |
        Vaults |   3854 |   3739 |    115 |    642 |   2338 |   2 | 1927.0 |
        Depths |   9182 |   8948 |    234 |   2510 |   5461 |   4 | 2295.5 |
         Abyss |    508 |    508 |      0 |      5 |    357 |   1 |  508.0 |
        Bailey |    436 |    436 |      0 |     19 |    306 |   1 |  436.0 |
      Ice Cave |    761 |    761 |      0 |      0 |    467 |   1 |  761.0 |
       Volcano |    190 |    190 |      0 |      3 |     58 |   1 |  190.0 |
               +--------+--------+--------+--------+--------+-----+--------+

Top non-repeatable levels by time:
   Elf:2: 3635 daAuts
Depths:2: 3547 daAuts
Depths:3: 3248 daAuts
 Snake:3: 3006 daAuts
     D:7: 2863 daAuts
 Snake:2: 2333 daAuts
Vaults:1: 2320 daAuts
Depths:1: 2244 daAuts
     D:9: 2234 daAuts
 Snake:4: 2214 daAuts
     D:6: 2060 daAuts
    D:10: 2039 daAuts
    D:12: 2008 daAuts
  Lair:2: 1993 daAuts
   Orc:2: 1857 daAuts
